 Dungeon Crawl Stone Soup version 0.17-a0-1295-gefc790a (webtiles) character file.

11 Max123 the Magician (level 2, -2/17 HPs)
             Began as a High Elf Wizard on June 7, 2015.
             Slain by a goblin
             ... wielding a +0 dagger
              (3 damage)
             ... on level 2 of the Dungeon.
             The game lasted 00:05:52 (701 turns).

Max123 the Magician (High Elf Wizard)                Turns: 701, Time: 00:05:52

Health: -2/17      AC:  2    Str:  6    XL:     2   Next: 13%
Magic:  3/8        EV: 12    Int: 21    God:
Gold:   36         SH:  0    Dex: 13    Spells: 2 memorised, 6 levels left

rFire  . . .     SeeInvis .     (no weapon)
rCold  . . .     Clarity  .     a - +0 robe
rNeg   . . .     SustAt   .     (no shield)
rPois  .         Gourm    .     b - +0 hat
rElec  .         Spirit   .     (no cloak)
rCorr  .         Warding  .     (no gloves)
rMut   .         Stasis   .     (no boots)
MR     .....                    (no amulet)
Stlth  ++........               (no ring)
                                (no ring)

@: very slightly contaminated, not resistant to hostile enchantments, unstealthy
A: no striking features
a: no special abilities


You were on level 2 of the Dungeon.
You were not hungry.

You visited 1 branch of the dungeon, and saw 2 of its levels.

You collected 36 gold pieces.

Inventory:

Missiles
 h - 25 stones (quivered)
 j - 19 poisoned bolts
Armour
 a - a +0 robe (worn)
 b - a +0 hat (worn)
Scrolls
 e - a scroll of identify {unknown}
 f - 2 scrolls of fear {unknown}
 g - a scroll of magic mapping {unknown}
 i - a scroll of teleportation {unknown}
 m - a scroll of immolation {unknown}
Potions
 k - a potion of mutation {unknown}
 l - 2 potions of curing {unknown}
 n - 2 potions of heal wounds {unknown}
Books
 c - a book of Minor Magic

   Spells                             Type                      Level
   a - Magic Dart                     Conjuration                  1
   b - Blink                          Translocation                2
   c - Call Imp                       Summoning                    2
   d - Repel Missiles                 Charms/Air                   2
   e - Slow                           Hexes                        2
   f - Conjure Flame                  Conjuration/Fire             3
   g - Mephitic Cloud                 Conjuration/Poison/Air       3
Comestibles
 d - 2 bread rations


   Skills:
 + Level 2.3 Dodging
 + Level 2.3 Stealth
 + Level 4.0 Spellcasting
 + Level 1.2 Conjurations
 + Level 0.8 Summonings
   Level 1.1 Translocations


You had 6 spell levels left.
You knew the following spells:

 Your Spells              Type           Power        Failure   Level  Hunger
a - Magic Dart            Conj           #...         10%         1    None
b - Call Imp              Summ           #.......     14%         2    #......


Dungeon Overview and Level Annotations

Branches:
Dungeon (2/15)

Altars:


Message History

You barely miss the goblin. The goblin hits you but does no damage.
You barely miss the goblin. The goblin closely misses you.
You closely miss the goblin. The goblin misses you.
You closely miss the goblin. The goblin hits you with a dagger.
You hit the goblin.
You kill the goblin!
Found a leather armour.
You see here a dagger.
The adder barely misses you. The goblin hits you with a dagger.
* * * LOW HITPOINT WARNING * * *
The adder bites you.
* * * LOW HITPOINT WARNING * * *
You barely miss the goblin. The goblin hits you but does no damage.
The adder barely misses you.
You closely miss the goblin. The goblin misses you.
The adder barely misses you.
You closely miss the goblin. The adder bites you.
* * * LOW HITPOINT WARNING * * *
The goblin hits you with a dagger.
You die...

# #..#.##..# #####
#..#.##..# ....#
#........# # ###.#
####.##### .. #
#.########w....# .. #
#......[...###.###.#..
# ##########.#
#........
#..###wS##=##.
#....g@.# #....##.#
#....# <# #...## .#
#..... .# #... .# #.#[
##


You could see a worm, an adder and a goblin.

Vanquished Creatures
  A giant cockroach (D:1)
  2 hobgoblins (D:1)
  A kobold (D:1)
  A bat (D:1)
  A giant newt (D:1)
  A goblin (D:2)
  5 rats (D:1)
12 creatures vanquished.

Notes
Turn   | Place    | Note
--------------------------------------------------------------
     0 | D:1      | Max123 the High Elf Wizard began the quest for the Orb.
     0 | D:1      | Reached XP level 1. HP: 11/11 MP: 6/6
   339 | D:1      | Reached skill level 4 in Spellcasting
   411 | D:1      | Reached XP level 2. HP: 17/17 MP: 4/8
   416 | D:1      | Learned a level 2 spell: Call Imp
   598 | D:1      | You fall through a shaft!
   701 | D:2      | Slain by a goblin

Vault maps used:
D:1:      saegor_arrival_miasma
D:2:      lightli_temple_of_fire, corexii_hall_statues_i

Action                   || total
-------------------------++-------
Melee: Unarmed           ||     9
Throw: Stone             ||     8
 Cast: Magic Dart        ||    32
       Call Imp          ||     3
